 Dungeon Crawl Stone Soup version 0.22.1-1-ga44c0e56f4 (webtiles) character file.

18 Revguard the Skirmisher (level 2, 0/24 HPs)
             Began as a Demonspawn Abyssal Knight on Oct 20, 2018.
             Was a Follower of Lugonu.
             Slain by a gnoll
             ... wielding a +0 flail
              (8 damage)
             ... on level 2 of the Dungeon.
             The game lasted 00:02:43 (755 turns).

Revguard the Skirmisher (Demonspawn Abyssal Knight)  Turns: 755, Time: 00:02:43

Health: 0/24       AC:  4    Str: 22    XL:     2   Next: 48%
Magic:  3/3        EV:  6    Int: 13    God:    Lugonu [*.....]
Gold:   93         SH:  0    Dex: 12    Spells: 1/1 levels left

rFire    . . .     SeeInvis .   a - +1 hand axe
rCold    . . .     Gourm    .   (no shield)
rNeg     . . .     Faith    .   f - +2 robe of Wetussoz {Str+6}
rPois    .         Spirit   .   (no helmet)
rElec    .         Reflect  .   (no cloak)
rCorr    .         Harm     .   (no gloves)
MR       .....                  (no boots)
Stlth    +.........             (no amulet)
HPRegen  0.08/turn              k - +4 ring of strength
MPRegen  0.08/turn              (no ring)

@: held, hasted, very quick
A: sturdy frame 1
a: Depart the Abyss, Renounce Religion


You were on level 2 of the Dungeon.
You worshipped Lugonu.
Lugonu was aware of your devotion.
You were not hungry.

You visited 1 branch of the dungeon, and saw 2 of its levels.
You visited the Abyss 1 time.

You collected 93 gold pieces.

Inventory:

Hand Weapons
 a - a +1 hand axe (weapon)
Armour
 b - a +0 leather armour
 f - the +2 robe of Wetussoz (worn) {Str+6}
   (You found it on level 2 of the Abyss)

   It affects your strength (+6).
Jewellery
 k - a +4 ring of strength (left hand)
Scrolls
 d - a scroll of remove curse {unknown}
 e - a scroll of identify {unknown}
 l - a scroll of teleportation {unknown}
Potions
 g - a potion of haste
 h - 2 potions of heal wounds {unknown}
 i - a potion of degeneration {unknown}
 j - a potion of flight {unknown}
 m - a potion of magic {unknown}
 n - a potion of curing {unknown}
Comestibles
 c - 3 rations


   Skills:
 + Level 3.3 Fighting
 + Level 2.2 Axes
 + Level 2.0 Armour
 + Level 0.9 Dodging
 + Level 2.4 Invocations


You had one spell level left.
You didn't know any spells.
Your spell library was empty.

Dungeon Overview and Level Annotations

Branches:
Dungeon (2/15)

Altars:


Innate Abilities, Weirdness & Mutations

Your movements are slightly less encumbered by armour. (ER -2)


Message History

You climb downwards. 2 gnolls come into view.
The gnoll shouts!
Found 2 scrolls labeled ERGHYL IVAXEDA and 5 gold pieces.
Found a stone staircase leading down and a stone staircase leading up.
There is a stone staircase leading up here.
Found 4 gold pieces.
Found 6 gold pieces.
The gnoll throws a throwing net.
The throwing net hits you.
You become entangled in the net!
A gnoll comes into view. It is wielding a club.
You see here a throwing net.
You struggle against the net.
The gnoll hits you with a flail!
A gnoll comes into view. It is wielding a flail.
You struggle against the net.
The gnoll hits you with a flail!
You struggle against the net.
It was a potion of haste.
You feel yourself speed up.
The gnoll shouts!
The gnoll hits you with a flail!
You die...

#.....# #.....# #.....#
#.....# #.....#
#....$#########
#...........?.#
#....<........###
.g......#.g...g@..#
.#####........g.#........
###...g....#........
####.<............
#$....##.......
#.....$.......#
#......#......# ###.##.
......#


You could see 4 gnolls.

Vanquished Creatures
  A dart slug (D:1)
  2 giant cockroaches (D:1)
  A hobgoblin (D:1)
  A ball python (D:1)
  3 bats (D:1)
  2 frilled lizards (D:1)
  2 goblins (D:1)
  2 kobolds (D:1)
  3 rats (D:1)
17 creatures vanquished.

Notes
Turn   | Place    | Note
-------+----------+-------------------------------------------
     0 | Abyss:1  | Revguard the Demonspawn Abyssal Knight began the quest for
                  | the Orb.
     0 | Abyss:1  | Reached XP level 1. HP: 18/18 MP: 2/2
    27 | Abyss:1  | Found an ornate altar of the Wu Jian Council.
    70 | Abyss:1  | Noticed a ynoxinul
    80 | Abyss:1  | Noticed a neqoxec
    89 | Abyss:1  | Noticed a small abomination
    97 | Abyss:2  | Got a crude robe
   108 | Abyss:2  | Identified the +2 robe of Wetussoz {Str+6} (You found it on
                  | level 2 of the Abyss)
   137 | Abyss:2  | Noticed a wretched star
   137 | Abyss:2  | Noticed a starcursed mass
   139 | D:1      | Escaped the Abyss
   384 | D:1      | Reached * piety under Lugonu
   509 | D:1      | Gained mutation: Your movements are slightly less
                  | encumbered by armour. (ER -2) [demonic ancestry]
   509 | D:1      | Reached XP level 2. HP: 14/24 MP: 3/3
   755 | D:2      | Slain by a gnoll

Skill      XL: |  1  2 |
---------------+-------+-----
Axes           | 2 |  2.2
Armour         | 2 |  2.0
Fighting       | |  3.3
Dodging        | |  0.9
Invocations    | |  2.4

Action                   || total
-------------------------++-------
Melee: Hand axe          ||    36
Invok: Depart the Abyss  ||     1
  Use: Potion            ||     1
Armor: Robe              ||    22
       Leather armour    ||     1
Dodge: Dodged            ||    38
